 Dungeon Crawl Stone Soup version 0.17.1-2-g5865329 (webtiles) character file.

189 Mysteryquy the Skirmisher (level 5, -3/57 HPs)
             Began as an Ogre Fighter on Jan 17, 2016.
             Killed from afar by an orc wizard (10 damage)
             ... with a puff of flame
             ... on level 5 of the Dungeon.
             The game lasted 00:06:47 (3001 turns).

Mysteryquy the Skirmisher (Ogre Fighter)            Turns: 3001, Time: 00:06:47

Health: -3/57      AC:  4    Str: 22    XL:     5   Next: 68%
Magic:  5/5        EV:  9    Int:  7    God:
Gold:   140        SH:  8    Dex:  9    Spells: 0 memorised, 4 levels left

rFire  . . .     SeeInvis .     a - +0 flail
rCold  . . .     Clarity  .     b - +0 robe
rNeg   . . .     SustAt   .     c - +0 shield
rPois  .         Gourm    .     (helmet restricted)
rElec  .         Spirit   .     r - +0 cloak (curse)
rCorr  .         Warding  .     (gloves unavailable)
rMut   .         Stasis   .     (boots unavailable)
MR     .....                    (no amulet)
Stlth  +.........               (no ring)
                                (no ring)

@: not resistant to hostile enchantments, very unstealthy
A: unfitting armour, tough skin 1
a: no special abilities


You were on level 5 of the Dungeon.
You were not hungry.

You visited 1 branch of the dungeon, and saw 5 of its levels.

You collected 140 gold pieces.

Inventory:

Hand Weapons
 a - a +0 flail (weapon)
Armour
 b - a +0 robe (worn)
 c - a +0 shield (worn)
 r - a cursed +0 cloak (worn)
Jewellery
 p - a +5 ring of strength {unknown}
 q - an uncursed amulet of faith {unknown}
Scrolls
 h - 3 scrolls of identify {unknown}
 i - 2 scrolls of blinking {unknown}
 j - 3 scrolls of remove curse {unknown}
 k - 2 scrolls of fog {unknown}
 n - a scroll of random uselessness {unknown}
 s - a scroll of enchant armour {unknown}
 t - a scroll of magic mapping {unknown}
 u - a scroll of teleportation {unknown}
 v - a scroll of immolation {unknown}
Potions
 d - 2 potions of might
 g - a potion of mutation {unknown}
 m - a potion of cure mutation {unknown}
 o - a potion of degeneration {unknown}
 w - a potion of poison {unknown}
Comestibles
 e - a bread ration
 f - a beef jerky
 l - a meat ration


   Skills:
 + Level 5.5 Fighting
 + Level 3.8 Maces & Flails
 + Level 4.5 Dodging
 - Level 2.6 Shields


You had 4 spell levels left.
You didn't know any spells.

Dungeon Overview and Level Annotations

Branches:
Dungeon (5/15)
 Temple: D:4-7

Altars:
Fedhas
Kikubaaqudgha
Makhleb
Xom


Innate Abilities, Weirdness & Mutations

You are too large for most types of armour.
You have tough skin (AC +1).


Message History

You hit the jackal.
The jackal is heavily wounded.
The jackal closely misses you.
You hear some strange, mumbled words.
A puff of flame appears from out of thin air!
The puff of flame hits you!
* * * LOW HITPOINT WARNING * * *
The jackal closely misses you.
Your shield prevents you from hitting something.
Something hits you.
* * * LOW HITPOINT WARNING * * *
The jackal bites you but does no damage.
Something hits you but does no damage. The jackal bites you.
* * * LOW HITPOINT WARNING * * *
You miss something. You block its attack. The jackal bites you.
* * * LOW HITPOINT WARNING * * *
You hear some strange, mumbled words.
A puff of flame appears from out of thin air!
The puff of flame hits you!
You die...

.
..##+#######
..........{#
..........@#
.........h.#
.......)...#
...........#
..########+#


You could see a jackal.

Vanquished Creatures
  A crimson imp (D:3)
  Ijyb (D:3)
  2 adders
  A gnoll (D:1)
  5 worms
  6 orcs
  A ball python (D:1)
  A bat zombie (D:2)
  13 goblins
  5 hobgoblins
  11 jackals
  6 bats
  4 giant cockroaches
  2 giant geckos (D:2)
  4 giant newts
  3 kobolds
  A quokka (D:3)
  13 rats
  2 rat zombies (D:2)
82 creatures vanquished.

Notes
Turn   | Place    | Note
--------------------------------------------------------------
     0 | D:1      | Mysteryquy the Ogre Fighter began the quest for the Orb.
     0 | D:1      | Reached XP level 1. HP: 24/24 MP: 1/1
   104 | D:1      | Reached XP level 2. HP: 28/32 MP: 2/2
   270 | D:1      | Reached XP level 3. HP: 8/40 MP: 3/3
  1295 | D:2      | Reached skill level 5 in Fighting
  1295 | D:2      | Reached XP level 4. HP: 46/50 MP: 4/4
  1579 | D:2      | Found an ancient bone altar of Kikubaaqudgha.
  2311 | D:3      | Noticed Ijyb
  2337 | D:3      | Killed Ijyb
  2337 | D:3      | Reached XP level 5. HP: 44/57 MP: 5/5
  2434 | D:3      | Found a shimmering altar of Xom.
  2434 | D:3      | Found a burning altar of Makhleb.
  2759 | D:4      | Found a blossoming altar of Fedhas.
  2860 | D:5      | Entered Level 5 of the Dungeon
  3001 | D:5      | Killed from afar by an orc wizard

Action                   |  1- 3 |  4- 6 || total
-------------------------+-------+-------++-------
Melee: Flail             |   121 |   151 ||   272
 Stab: Sleeping          |       |     1 ||     1
  Eat: Chunk             |     1 |     6 ||     7
